 Dungeon Crawl Stone Soup version 0.30-a0-4-ga7cffc901d (webtiles) character file.

Game seed: 9210494942251969569

11 Setbun the Sneak (level 2, 0/16 HPs)
             Began as a Kobold Enchanter on Aug 20, 2022.
             Slain by a kobold
             ... wielding a +0 dagger
              (4 damage)
             ... on level 1 of the Dungeon.
             The game lasted 00:00:14 (286 turns).

Setbun the Sneak (Kobold Enchanter)                  Turns: 286, Time: 00:00:15

Health: 0/16       AC:  2    Str:  5    XL:     2   Next: 35%
Magic:  5/5        EV: 15    Int: 16    God:
Gold:   14         SH:  0    Dex: 15    Spells: 5/5 levels left

rFire   . . .      SeeInvis .    a - +1 dagger
rCold   . . .      Faith    .    (no shield)
rNeg    . . .      Spirit   .    b - +0 robe
rPois   .          Reflect  .    (no helmet)
rElec   .          Harm     .    (no cloak)
rCorr   .          Rampage  .    (no gloves)
Will    .....                    (no boots)
Stlth   ++++......               (no amulet)
HPRegen 0.05/turn                (no ring)
MPRegen 0.09/turn                (no ring)

@: no status effects
A: small, no large weapons, nightstalker 3
a: no special abilities


You were on level 1 of the Dungeon.
You visited 1 branch of the dungeon, and saw 1 of its levels.

You collected 14 gold pieces.

Inventory:

Hand Weapons
 a - a +1 dagger (weapon)
Armour
 b - a +0 robe (worn)
Scrolls
 f - 2 scrolls of identify {unknown}
 g - a scroll of poison {unknown}
Potions
 c - 2 potions of invisibility
 d - a potion of degeneration {unknown}
 e - a potion of curing {unknown}


   Skills:
 + Level 0.4 Fighting
 * Level 2.0 Short Blades
 + Level 2.6 Dodging
 + Level 4.1 Stealth
 + Level 2.3 Spellcasting
 + Level 3.1 Hexes


You had 5 spell levels left.
You didn't know any spells.
Your spell library contained the following spells:

 Spells                   Type           Power      Damage    Failure   Level
 Ensorcelled Hibernation  Hex/Ice        12%        N/A       16%         2
 Confusing Touch          Hex            11%        N/A       17%         3
 Tukima's Dance           Hex            11%        N/A       17%         3
 Dazzling Flash           Conj/Hex       12%        N/A       32%         3


Dungeon Overview and Level Annotations

Branches:
Dungeon (1/15)

Altars:


Innate Abilities, Weirdness & Mutations

You are small and have problems with some larger weapons.
You are completely attuned to the shadows.


Message History

You are too injured to fight recklessly!
You are too injured to fight recklessly!
You are too injured to fight recklessly!
You are too injured to fight recklessly!
You are too injured to fight recklessly!
You are too injured to fight recklessly!
You are too injured to fight recklessly!
You hit the bat.
The bat is moderately wounded.
The bat closely misses you. The bat barely misses you.
You miss the bat.
The bat is moderately wounded.
The bat closely misses you. The bat hits you but does no damage.
You hit the bat.
The bat is heavily wounded.
The bat completely misses you.
You closely miss the bat.
The bat is heavily wounded.
The bat closely misses you. x2
You closely miss the bat.
The bat is heavily wounded.
The bat misses you.
You miss the bat.
The bat is heavily wounded.
The bat completely misses you.
You miss the bat.
The bat is heavily wounded.
The bat misses you. The bat barely misses you.
You hit the bat.
You kill the bat!
The kobold closely misses you.
You see here a bat corpse.
You hit the kobold.
The kobold is severely wounded.
The kobold hits you with a +0 dagger.
* * * LOW HITPOINT WARNING * * *
You closely miss the kobold.
The kobold is severely wounded.
The kobold hits you with a +0 dagger.
You die...

#.#.##.##
##.#....#
.....#.##
#.###.#.# ###.
......#.# ....
#.......# ....
#.#####.#
>...###### #.#####
....K@..# #.....#
...####.# #.#.#[#
.. #.# ###...#.# .
#.# ......#.#
#.#.# ......#.#
#.#.# ......#..
#.#.#####+#.....
###.#.##....#....#
#...).##..###.....


You could see a kobold.

Vanquished Creatures
  2 ball pythons (D:1)
  3 bats (D:1)
  2 endoplasms (D:1)
  A frilled lizard (D:1)
  A rat (D:1)
9 creatures vanquished.

Notes
Turn   | Place    | Note
-------+----------+-------------------------------------------
     0 | D:1      | Setbun the Kobold Enchanter began the quest for the Orb.
     0 | D:1      | Reached XP level 1. HP: 10/10 MP: 3/3
   153 | D:1      | Reached XP level 2. HP: 13/16 MP: 5/5
   286 | D:1      | Slain by a kobold

Illustrated notes

Levels and vault maps discovered:
D:1:      lemuel_arrival_broad_hall, layout_basic,
          shapermc_ecumenical_altar_ellora, chequers_serial_rivers_micro_a

Skill      XL: |  1  2 |
---------------+-------+-----
Short Blades   | 2 |  2.0
Fighting       | |  0.4
Dodging        | |  2.6
Stealth        | |  4.1
Spellcasting   | |  2.3
Hexes          | |  3.1

Action                   || total
-------------------------++-------
Melee: Dagger            ||    35
 Stab: Sleeping          ||     3
Armor: Robe              ||     8
Dodge: Dodged            ||    36

Table legend: (Time is in decaauts)
 A = Elapsed time spent in this place.
 B = Non-inter-level travel time spent in this place.
 C = Inter-level travel time spent in this place.
 D = Time resting spent in this place.
 E = Time spent auto-exploring this place.
 F = Levels seen in this place.
 G = Mean time per level.
                   A        B        C        D        E       F      G
               +--------+--------+--------+--------+--------+-----+--------+
         Total |    283 |    283 |      0 |      0 |    216 |   1 |  283.0 |
       Dungeon |    283 |    283 |      0 |      0 |    216 |   1 |  283.0 |
               +--------+--------+--------+--------+--------+-----+--------+

Top non-repeatable levels by time:
     D:1: 283 daAuts
